Description

The Pink-Eye Build - ZvP Nydus

Great counter to one of the most common Protoss builds.

As show by PiG: The Pink-Eye Build

This is a 'repost' with a complete build order and some Analysis. Reposting seemed to be the only way for me to use it with the build adviser app, I'm unsure if others can view this hope I'm not breaking any repost rules, I have included my analysis to appease the moderators.

Replay - Hurricane v Rogue: Game 2 - Neon Violet Square LE

Build Order

Get SALT Encoding   

  13  0:13  Overlord  
  16  0:49  Hatchery  
  18  1:10  Extractor  
  17  1:17  Spawning Pool  
  20  1:49  Overlord  
  20  2:04  Queen x2  
  20  2:05  Zergling x4  
  26  2:11  Metabolic Boost  
  32  2:44  Hatchery  
  33  2:55  Overlord  
  36  3:18  Queen  
  44  3:21  Overlord x2  
  48  3:49  Lair, Spore Crawler x2  
  48  3:54  Queen  
  52  4:03  Zergling x6  
  52  4:09  Extractor x2  
  54  4:13  Queen  
  54  4:16  Overlord  
  56  4:20  Zergling x4  
  56  4:24  Spore Crawler  
  62  4:35  Roach Warren  
  61  4:42  Queen  
  61  4:40  Overlord  
  63  4:51  Nydus Network  
  62  5:04  Overlord x2  
  60  5:15  Roach x8  
  76  5:22  Roach x2  
  76  5:23  Overlord  
  85  5:35  Nydus Canal  
Spawning Tool Build Advisor. Get it on Overwolf

Analysis

As show by PiG: The Pink-Eye Build

Here's some pointers, I've not played in a while so excuse me if any of my tips are off.

@ 100 gas pull one drone off gas @ 40 gas pull the second drone off gas @ 44/44 put them back on gas

This is what rouge does, it gives him a perfect min/gas ratio while massing roaches. That said reproducing lost units/extra lings makes this an inexact science, Rouge took no damage from the 2 adepts, loses 1 drone + a minimal drone pull from the oracle, and lost the scouting overlord, so if you can pull that off you'll be in good standing.

Overloads: Rouge spreads his overlords just past the edge of his creep, good for scouting but will be left vulnerable once the queens move to the nydus.

Lings: The robo will probably be near the wall off, scout it beforehand with the lings and use their vision to drop the nydus exit (an overseer is backup option). keep the lings active, checking the wall and looking for adepts crossing the map. Remember that you need to keep them alive for nydus vision later on.

Execution: You want the nydus worm to exit next to the robo, concentrate your queen transfuse on the nydus as well as any low health queens with high energy, how well you transfuse makes a huge difference.

After you have killed off his local units stop the robo from producing, the nydus dies build another.

If Protoss is going for an archon drop he will be forced to defend with it.

Follow up: from 76 supply you'll be spamming roaches and should quickly win as long as the robo is taken offline. If the robo stays up fighting the immortals can be tricky due to the tight building placement and the lack of roach speed which allows immortals to safely pull back and recharge once off creep allowing them to continually poke at/bait the roaches. So ovoid engaging them and instead attack infrastructure that he cant defend without coming deep into your creep. He can target the nydus to bait the roaches and then simply back off and repeat thus forcing the roaches become passive, so instead drop a new exit somewhere he wont be able to poke at.

If the nydus fails: If things go bad ovoid over-committing and losing units needlessly, you can instead build another nydus exit outside his base allowing you to pressure his wall and deny expansion. spread creep and lings for vision to spot the warp prism. send queens home to spawn larvae and start upgrades such as roach speed and +1. Dont over produce roaches, scout him and tech accordingly. As you should be one base up a macro hatch might be safer than taking a 4th. Ovoid engaging his army, if he pushes out you can jump back in the nydus and plant a new one in his main forcing him to defend, if he goes for a base trade you'll probably be best off keeping your main army at home, if you have brought enough time hopefully you'll have lurkers or banes up

GL HF!

Go to:

Details

  • Created by: Deith
  • Published on: Jul 08, 2018
  • Modified on: Jul 09, 2018
  • Patch: 4.0.0
Show
View Real Time Build Order
Export as new Build Order

Comments (1)

On July 10, 2018, 1:42 a.m., Zentraidee  said:

Amazing it is more faster muscle memory to have this one.Easier to respond.

Create an account to comment!